AoeStats
← Fazzz7z

Nomad

506810619Analyzed
2v2 RM · 18d ago on Sep 15, 2026· 29m 28s· 4 players
Game mode
Random Map
Map size
176×176
Population
200
Speed
Normal
Resources
Standard
Victory
Conquest
Starting age
Dark Age
Ending age
Imperial Age
RankedLock teamsTeams togetherTeam positionsShared explorationLock speedFull tech treeHidden civsTurbo modeCheats
Victory
Defeat
🇨🇳 Mapuche · China
1425
+10
🇬🇧 Franks · United Kingdom
1405
+11
🇮🇹 Japanese · Italy
1328
-12
🇮🇹 Saracens · Italy
1259
-9
表哥
14:28 Feudal Age
15:01 Town Watch
15:02 Loom
18:21 Castle Age
17:02 Double-Bit Axe
17:08 Gold Mining
17:49 Fishing Lines
18:33 Stone Mining
27:40 Wheelbarrow
28:12 Horse Collar
29:32 Bow Saw
Fazzz7z
12:43 Feudal Age
13:31 Double-Bit Axe
14:01 Loom
15:02 Wheelbarrow
15:12 Fletching
16:20 Wheelbarrow
16:01 Fishing Lines
18:52 Padded Archer Armor
18:46 Gold Mining
19:20 Stone Mining
22:00 Castle Age
22:57 Medium Warships
22:45 Bodkin Arrow
23:41 Bow Saw
23:28 Gillnets
28:07 Hand Cart
29:52 Town Watch
Tattico87
4:51 Loom
14:25 Feudal Age
15:15 Double-Bit Axe
15:22 Fishing Lines
16:00 Gold Mining
18:08 Fletching
21:58 Castle Age
20:46 Stone Mining
21:47 Forging
22:18 Horse Collar
22:40 Gillnets
23:14 Bow Saw
24:32 Heavy Plow
25:12 Gold Shaft Mining
25:59 Medium Warships
Nick
4:25 Loom
14:54 Feudal Age
19:33 Castle Age
19:59 Double-Bit Axe
23:29 Bow Saw
23:02 Horse Collar
22:55 Pikeman
Connection lost

Rejoining the realm…

Still unreachable

The connection could not be restored.

Session expired

The server has moved on; the page needs a fresh start.